 Dungeon Crawl Stone Soup version 0.18.1-50-g88ac8fd (webtiles) character file.

331 Mesmaeker13 the Magician (level 6, -1/45 HPs)
             Began as a Draconian Wizard on Oct 25, 2016.
             Was an Initiate of Vehumet.
             Slain by an orc wizard
             ... wielding a +0 dagger
              (6 damage)
             ... on level 5 of the Dungeon.
             The game lasted 00:12:58 (4229 turns).

Mesmaeker13 the Magician (Draconian Wizard)         Turns: 4229, Time: 00:12:58

Health: -1/45      AC:  6    Str:  9    XL:     6   Next: 26%
Magic:  13/13      EV: 12    Int: 20    God:    Vehumet [......]
Gold:   220        SH:  0    Dex: 10    Spells: 2 memorised, 11 levels left

rFire  . . .     SeeInvis .     n - -3 war axe (curse)
rCold  . . .     Gourm    .     (armour unavailable)
rNeg   . . .     Faith    .     (no shield)
rPois  .         Spirit   .     a - +0 hat
rElec  .         Dismiss  .     (no cloak)
rCorr  .         Reflect  .     (no gloves)
SustAt .         Harm     .     (no boots)
MR     .....                    (no amulet)
Stlth  ++........               (no ring)
                                (no ring)

@: not resistant to hostile enchantments, unstealthy
A: unfitting armour, cold-blooded, AC +6
a: Renounce Religion


You were on level 5 of the Dungeon.
You worshipped Vehumet.
Vehumet was noncommittal.
You were not hungry.

You visited 1 branch of the dungeon, and saw 5 of its levels.
You also visited: Ossuary.

You collected 220 gold pieces.

Inventory:

Hand Weapons
 d - a +1 dagger
 n - a cursed -3 war axe (weapon)
Missiles
 e - 11 poisoned needles
Armour
 a - a +0 hat (worn)
Wands
 i - a wand of lightning (0/15)
 o - a wand of acid (0/15)
 q - a wand of polymorph (2/24)
Scrolls
 k - 3 scrolls of teleportation
 t - a scroll of magic mapping
Potions
 f - a potion of degeneration {unknown}
 g - 2 potions of resistance
 h - 4 potions of curing
 l - a potion of mutation
 m - a potion of flight {unknown}
Books
 b - a book of Minor Magic

   Spells                             Type                      Level
   a - Magic Dart                     Conjuration                  1
   b - Blink                          Translocation                2
   c - Call Imp                       Summoning                    2
   d - Repel Missiles                 Charms/Air                   2
   e - Slow                           Hexes                        2
   f - Conjure Flame                  Conjuration/Fire             3
   g - Mephitic Cloud                 Conjuration/Poison/Air       3
 s - a book of Changes

   Spells                             Type                      Level
   a - Beastly Appendage              Transmutation                1
   b - Sticks to Snakes               Transmutation                2
   c - Spider Form                    Transmutation/Poison         3
   d - Ice Form                       Ice/Transmutation            4
   e - Blade Hands                    Transmutation                5
Comestibles
 c - 3 bread rations
 j - 2 meat rations
 p - a royal jelly
 r - 2 chunks of flesh
 u - a slice of pizza


   Skills:
 - Level 1.7 Dodging
 - Level 1.7 Stealth
 + Level 5.2 Spellcasting
 + Level 4.4 Conjurations
   Level 1.0 Summonings
   Level 1.0 Translocations


You had 11 spell levels left.
You knew the following spells:

 Your Spells              Type           Power        Failure   Level  Hunger
a - Magic Dart            Conj           ###.         1%          1    None
b - Mephitic Cloud        Conj/Pois/Air  ##......     21%         3    ##.....


Dungeon Overview and Level Annotations

Branches:
Dungeon (5/15)             Temple (0/1) D:4

Altars:
Dithmenos
Fedhas
Okawaru
Qazlal
Vehumet

Annotations:
D:3 petervk's ghost, amateur HESk
D:4 Sigmund


Innate Abilities, Weirdness & Mutations

Your plain brown scales are hard (AC +6).
Your body does not fit into most forms of armour.
You are cold-blooded and may be slowed by cold attacks.


Message History

You hit the orc wizard but do no damage.
The orc wizard is moderately wounded.
You closely miss the orc wizard.
The orc wizard is severely wounded.
The orc wizard hits you but does no damage.
The orc wizard barely misses you.
The orc wizard mumbles some strange words.
The orc wizard blinks!
The orc wizard casts a spell.
The orc wizard flickers and vanishes!
Deactivating autopickup; reactivate with Ctrl-A.
Unknown command.
You hear some strange, mumbled words.
A puff of flame appears from out of thin air!
The puff of flame hits you!
* * * LOW HITPOINT WARNING * * *
The orc wizard gestures wildly while chanting.
The orc wizard blinks!
You barely miss the orc. You closely miss something. Something hits you.
You die...

#####.##.#.#.###...######
........................#
...........#.###.#.######
#.....##. #.#.#
#.#.#.##... #.#.#
........... #.#.#
#.#.#.###.. #.#.#
....#.###..#.###.#.#
##..........?..{@#.#
#..#.###..#.###o#
##..#####.. .o..
........... .......
##.######.# #####.##.#
........# .# #
##.######.# .# #........#
# #.########


You could see 2 orcs.

Vanquished Creatures
  An ogre (D:4)
  A crimson imp (D:5)
  A hound (D:5)
  A worker ant (D:5)
  2 mummies (Ossuary)
  5 adders
  An ooze (D:4)
  2 worms
  A dart slug (D:1)
  A giant gecko (D:3)
  An orc (D:5)
  3 ball pythons
  9 bats
  5 giant cockroaches
  8 goblins
  7 hobgoblins
  5 jackals
  4 kobolds
  3 quokkas (D:2)
  8 giant newts
  3 rats
  2 rat zombies (D:4)
74 creatures vanquished.

Notes
Turn   | Place    | Note
--------------------------------------------------------------
     0 | D:1      | Mesmaeker13 the Draconian Wizard began the quest for the Orb.
     0 | D:1      | Reached XP level 1. HP: 14/14 MP: 4/4
   542 | D:1      | Reached XP level 2. HP: 20/20 MP: 4/6
   866 | D:1      | Reached XP level 3. HP: 20/26 MP: 6/8
  1349 | D:2      | Found a shadowy altar of Dithmenos.
  1647 | D:2      | Reached skill level 4 in Spellcasting
  1647 | D:2      | Reached XP level 4. HP: 29/33 MP: 1/10
  1787 | D:2      | Found a radiant altar of Vehumet.
  1814 | D:2      | Became a worshipper of Vehumet
  2513 | D:3      | Learned a level 3 spell: Mephitic Cloud
  2748 | D:3      | Found a stormy altar of Qazlal.
  2754 | D:3      | Found a blossoming altar of Fedhas.
  2840 | D:3      | Noticed petervk's ghost (amateur HESk)
  2892 | D:3      | Found an iron altar of Okawaru.
  3287 | D:4      | Found a stormy altar of Qazlal.
  3298 | D:4      | Noticed an ogre
  3319 | D:4      | Killed an ogre
  3319 | D:4      | Reached XP level 5. HP: 38/38 MP: 0/12
  3454 | D:4      | Found a sand-covered staircase.
  3508 | Ossuary  | Entered an ossuary
  3527 | Ossuary  | Noticed appiemonkey's ghost (amateur GrFi)
  3544 | D:4      | Noticed a phantom
  3560 | D:5      | Entered Level 5 of the Dungeon
  3704 | D:5      | Reached skill level 5 in Spellcasting
  3704 | D:5      | Reached XP level 6. HP: 38/45 MP: 2/13
  3844 | D:4      | Found a staircase to the Ecumenical Temple.
  3919 | D:4      | Noticed Sigmund
  4229 | D:5      | Slain by an orc wizard

Skill      XL: |  1  2  3  4  5 |
---------------+----------------+-----
Conjurations   | 2 3 4 |  4.4
Spellcasting   | 4 5 |  5.2
Dodging        | |  1.7
Stealth        | |  1.7
Summonings     | |  1.0
Translocations | |  1.0

Action                   |  1- 3 |  4- 6 || total
-------------------------+-------+-------++-------
Melee: Dagger            |    87 |       ||    87
       Tailslap          |    11 |     1 ||    12
       War axe           |       |    32 ||    32
 Cast: Magic Dart        |    63 |   125 ||   188
       Mephitic Cloud    |       |     2 ||     2
Evoke: Wand              |       |     7 ||     7
  Use: Scroll            |     4 |     5 ||     9
       Potion            |       |     3 ||     3
 Stab: Confused          |       |     1 ||     1
  Eat: Chunk             |     2 |     8 ||    10
Armor: Skin              |    45 |    23 ||    68
Dodge: Dodged            |    83 |    42 ||   125
